 Dungeon Crawl Stone Soup version 0.31-a0-180-g519b7de00c (webtiles) character file.

Game seed: 15696991639714203316

98 qw the Shooter (level 4, 0/40 HPs)
             Began as a Naga Hunter on June 19, 2023.
             Slain by a gnoll
             ... wielding a +0 spear
              (9 damage)
             ... on level 3 of the Dungeon.
             The game lasted 00:00:42 (2029 turns).

qw the Shooter (Naga Hunter)                        Turns: 2029, Time: 00:00:42

Health: 0/40       AC:  4    Str: 19    XL:     4   Next: 69%
Magic:  0/4        EV:  9    Int:  9    God:
Gold:   31         SH:  0    Dex: 17    Spells: 3/3 levels left

rFire   . . .        Y - +0 shortbow
rCold   + . .        (shield currently unavailable)
rNeg    . . .        a - +0 leather armour {rC+}
rPois   +            (no helmet)
rElec   .            (no cloak)
rCorr   .            d - +1 pair of gloves
SInv    +            (no barding)
Will    .....        f - amulet of guardian spirit
Stlth   ++           k - +6 ring of strength
HPRegen 0.26/turn    (no ring)
MPRegen 0.09/turn

%: guardian spirit
@: short of breath, very slow
A: AC +1, large, see invisible, deformed body, poison resistance, slowness 2,
spit poison 1, naga tail 1
a: Spit Poison


You were on level 3 of the Dungeon.
You visited 1 branch of the dungeon, and saw 3 of its levels.

You collected 31 gold pieces.


Innate Abilities, Weirdness & Mutations

Your serpentine skin is tough. (AC +1)
You have supernaturally acute eyesight. (SInv)
Armour fits poorly on your strangely shaped body.
Your system is resistant to poisons. (rPois)
You cover ground very slowly.
You can spit poison.
You have a snake-like lower body.


   Skills:
 + Level 2.9 Fighting
 - Level 5.0 Ranged Weapons
 - Level 1.5 Dodging
 - Level 1.5 Stealth


You had 3 spell levels left.
You didn't know any spells.
Your spell library was empty.

Inventory:

Hand Weapons
 Y - a +0 shortbow (weapon)
Armour
 a - a +0 leather armour of cold resistance (worn)
 d - a +1 pair of gloves (worn)
 g - a +1 pair of gloves of strength
Jewellery
 f - an amulet of guardian spirit (around neck)
 k - a +6 ring of strength (left hand)
Scrolls
 b - 2 scrolls of identify
Potions
 c - a potion of heal wounds {unknown}
 e - a potion of curing
 h - a potion of cancellation {unknown}
 i - a potion of enlightenment {unknown}

Dungeon Overview and Level Annotations

Branches:
Dungeon (3/15)

Altars:


Message History

The endoplasm is almost dead.
The gnoll hits you from afar with a +0 spear.
The endoplasm freezes you.
You are frozen.
You resist.
You shoot an arrow. The arrow barely misses the endoplasm.
The endoplasm freezes you.
You are frozen.
You resist. The gnoll barely misses you.
You shoot an arrow. The arrow hits the endoplasm.
You kill the endoplasm!
The gnoll hits you but does no damage.
2022 ||| INVOKING Spit Poison.
Aiming: Spit Poison (1% risk of failure)
Press: ? - help, Shift-Dir - straight line, f - gnoll The splash of poison misses the gnoll.
The gnoll hits you from afar with a +0 spear.
You shoot an arrow. The arrow hits the gnoll.
The gnoll is lightly wounded.
The gnoll hits you from afar with a +0 spear!
You shoot an arrow. The arrow hits the gnoll.
The gnoll is moderately wounded.
The gnoll misses you.
The gnoll hits you from afar with a +0 spear.
You shoot an arrow. The arrow barely misses the gnoll.
You have got your breath back.
The gnoll barely misses you.
2026 ||| INVOKING Spit Poison.
Aiming: Spit Poison (1% risk of failure)
Press: ? - help, Shift-Dir - straight line, f/p - gnoll The splash of poison hits the gnoll.
The gnoll is poisoned.
The gnoll is severely wounded.
The gnoll hits you from afar with a +0 spear.
You shoot an arrow. The arrow hits the gnoll.
The gnoll is almost dead.
You kill the gnoll!
You shoot an arrow. The arrow closely misses the gnoll.
The gnoll barely misses you.
You shoot an arrow. The arrow hits the gnoll.
The gnoll is heavily wounded.
The gnoll hits you from afar with a +0 spear!
You die...

###### #..... #.....
#..... #..... #.....
#######..... #.....
#.....'.....
#.....#######.#####.....
#..Jgg#@......#####.####
#.....#..#######....####
#...g)g.))..............
#.~~~}~~~).#####.#######
#.~......~.............#
#.}.####.P..)...######.#
#.}. #.~......# #.# ...}
#.~......# #.. ...
....##...# ###


You could see a gnoll.

Vanquished Creatures
  2 gnolls (D:3)
  An adder (D:2)
  4 worms (D:2)
  4 dart slugs
  5 orcs (D:3)
  6 bats
  2 endoplasms
  A giant cockroach (D:2)
  6 goblins
  2 hobgoblins (D:1)
  4 kobolds
  3 ball pythons
  3 frilled lizards
  2 rats (D:1)
45 creatures vanquished.

Notes
Turn   | Place    | Note
-------+----------+-------------------------------------------
     0 | D:1      | qw the Naga Hunter began the quest for the Orb.
     0 | D:1      | Reached XP level 1. HP: 19/19 MP: 1/1
     0 | D:1      | 0 ||| qw: Version: 0.3-a-7-ge0c9b40
     0 | D:1      | 0 ||| qw: Game counter: 1064
     0 | D:1      | 0 ||| qw: Always use a shield: true
     0 | D:1      | 0 ||| qw: God list: Okawaru
     0 | D:1      | 0 ||| qw: Allow faded altars: false
     0 | D:1      | 0 ||| qw: Do Orc after D:15 true
     0 | D:1      | 0 ||| qw: Do second Lair branch before Depths: true
     0 | D:1      | 0 ||| qw: Lair rune preference: random
     0 | D:1      | 0 ||| qw: Plans: Normal
     0 | D:1      | 0 ||| PLANNING D:1-11
    19 | D:1      | 19 ||| INVOKING Spit Poison.
    22 | D:1      | 22 ||| INVOKING Spit Poison.
    35 | D:1      | 35 ||| INVOKING Spit Poison.
    47 | D:1      | 47 ||| INVOKING Spit Poison.
    63 | D:1      | Reached skill level 4 in Ranged Weapons
    63 | D:1      | Reached XP level 2. HP: 26/26 MP: 2/2
   101 | D:1      | 101 ||| INVOKING Spit Poison.
   196 | D:1      | 196 ||| INVOKING Spit Poison.
   199 | D:1      | 199 ||| INVOKING Spit Poison.
   203 | D:1      | 203 ||| INVOKING Spit Poison.
   217 | D:1      | 217 ||| INVOKING Spit Poison.
   237 | D:1      | 237 ||| INVOKING Spit Poison.
   281 | D:1      | 281 ||| INVOKING Spit Poison.
   286 | D:1      | 286 ||| INVOKING Spit Poison.
   346 | D:1      | 346 ||| INVOKING Spit Poison.
   347 | D:1      | 347 ||| INVOKING Spit Poison.
   408 | D:1      | 408 ||| INVOKING Spit Poison.
   444 | D:1      | 444 ||| INVOKING Spit Poison.
   529 | D:1      | 529 ||| INVOKING Spit Poison.
   546 | D:1      | 546 ||| INVOKING Spit Poison.
   573 | D:1      | 573 ||| INVOKING Spit Poison.
   725 | D:1      | 725 ||| INVOKING Spit Poison.
   727 | D:1      | Reached XP level 3. HP: 32/32 MP: 3/3
   768 | D:1      | 768 ||| INVOKING Spit Poison.
   849 | D:1      | 849 ||| UPGRADING to +1 pair of gloves.
   854 | D:1      | 854 ||| UPGRADING to amulet of guardian spirit.
   859 | D:1      | 859 ||| UPGRADING to +6 ring of strength.
   860 | D:1      | 860 ||| READING 2 scrolls labelled RUQUT HIWODWE.
   861 | D:1      | 861 ||| READING scroll labelled EMMIEFEACSY.
   862 | D:1      | 862 ||| READING scroll labelled HON OSUUCVA.
   863 | D:1      | 863 ||| READING 3 scrolls labelled ZUOLIKHLUTIF.
   864 | D:1      | 864 ||| DRINKING 2 coppery potions.
   865 | D:1      | 865 ||| DROPPING scroll of immolation.
   866 | D:1      | 866 ||| DROPPING scroll of butterflies.
   867 | D:1      | 867 ||| DROPPING potion of attraction.
   868 | D:1      | 868 ||| DROPPING 2 scrolls of revelation.
   969 | D:2      | 969 ||| INVOKING Spit Poison.
  1019 | D:2      | 1019 ||| INVOKING Spit Poison.
  1074 | D:2      | 1074 ||| INVOKING Spit Poison.
  1172 | D:2      | 1172 ||| INVOKING Spit Poison.
  1298 | D:2      | 1298 ||| INVOKING Spit Poison.
  1302 | D:2      | 1302 ||| INVOKING Spit Poison.
  1440 | D:2      | 1440 ||| INVOKING Spit Poison.
  1648 | D:2      | 1648 ||| INVOKING Spit Poison.
  1652 | D:2      | 1652 ||| INVOKING Spit Poison.
  1655 | D:2      | 1655 ||| INVOKING Spit Poison.
  1656 | D:2      | Reached skill level 5 in Ranged Weapons
  1656 | D:2      | Reached XP level 4. HP: 39/39 MP: 4/4
  1703 | D:2      | 1703 ||| UPGRADING to +0 leather armour of cold resistance.
  1713 | D:2      | 1713 ||| DROPPING +0 leather armour.
  1714 | D:2      | 1714 ||| READING 4 scrolls of identify.
  1714 | D:2      | 1714 ||| IDENTIFYING inky potion
  1715 | D:2      | 1715 ||| READING 3 scrolls of identify.
  1715 | D:2      | 1715 ||| IDENTIFYING blue potion
  1716 | D:2      | 1716 ||| DROPPING potion of brilliance.
  1765 | D:3      | 1765 ||| INVOKING Spit Poison.
  1787 | D:3      | 1787 ||| INVOKING Spit Poison.
  1814 | D:3      | 1814 ||| INVOKING Spit Poison.
  1905 | D:3      | 1905 ||| INVOKING Spit Poison.
  1912 | D:3      | 1912 ||| INVOKING Spit Poison.
  1917 | D:3      | 1917 ||| INVOKING Spit Poison.
  1920 | D:3      | 1920 ||| INVOKING Spit Poison.
  2008 | D:3      | 2008 ||| Stepping ~*~*~tactically~*~*~ (outnumbered).
  2010 | D:3      | 2010 ||| Stepping ~*~*~tactically~*~*~ (outnumbered).
  2012 | D:3      | 2012 ||| INVOKING Spit Poison.
  2014 | D:3      | 2014 ||| Stepping ~*~*~tactically~*~*~ (outnumbered).
  2016 | D:3      | 2016 ||| Stepping ~*~*~tactically~*~*~ (outnumbered).
  2022 | D:3      | 2022 ||| INVOKING Spit Poison.
  2023 | D:3      | HP: 10/40 [gnoll/+0 spear (8)]
  2026 | D:3      | 2026 ||| INVOKING Spit Poison.
  2029 | D:3      | Slain by a gnoll

Levels and vault maps discovered:
D:1:      minmay_arrival_wavy_path, layout_basic, nicolae_titane
D:2:      layout_loops_corners, minmay_pentomino_o2
D:3:      layout_basic, shapermc_ecumenical_altar_acropolis, uniq_natasha

Skill      XL: |  1  2  3 |
---------------+----------+-----
Ranged Weapons | 4 5 |  5.0
Fighting       | |  2.9
Dodging        | |  1.5
Stealth        | |  1.5

Action                     |  1- 3 |  4- 6 || total
---------------------------+-------+-------++-------
   Fire: Shortbow          |    68 |    30 ||    98
Ability: Spit Poison       |    30 |    10 ||    40
    Use: Scroll            |     4 |     2 ||     6
         Potion            |     1 |       ||     1
 Armour: Leather armour    |     8 |     7 ||    15
  Dodge: Dodged            |    10 |    15 ||    25

Table legend:
 A = Non-vault XP
 B = Vault XP
 C = Vault XP percentage of total XP
 D = Non-vault monster count
 E = Vault monster count
 F = Vault count percentage of total count
                 A         B        C        D         E       F
            +---------+---------+-------+---------+---------+-------
      Total |     134 |       6 |   4.3 |      43 |       2 |   4.4
            +---------+---------+-------+---------+---------+-------
        D:1 |      39 |       0 |   0.0 |      21 |       0 |   0.0
        D:2 |      38 |       6 |  13.6 |      10 |       2 |  16.7
        D:3 |      57 |       0 |   0.0 |      12 |       0 |   0.0
            +---------+---------+-------+---------+---------+-------
